 Dungeon Crawl Stone Soup version 0.32-a0-607-g64ea0e4219 (webtiles) character file.

Game seed: 10249612469309440432

5293 cforsyth the Reanimator (level 10, -1/70 (90) HPs)
             Began as a Mountain Dwarf Necromancer on Mar 4, 2024.
             Slain by a two-headed ogre
             ... wielding a +1 dire flail of draining
              (15 damage)
             ... on level 8 of the Dungeon.
             The game lasted 00:24:01 (11585 turns).

cforsyth the Reanimator (MDNe)                     Turns: 11585, Time: 00:24:02

HP:   -1/70 (90)    AC: 13    Str: 16    XL:     10   Next: 37%
MP:   12/12         EV:  7    Int: 21    God:
Gold: 345           SH:  5    Dex: 10    Spells: 7/12 levels left

rFire   . . .        R - +1 war axe (freeze)
rCold   . . .        f - +0 buckler
rNeg    . . .        p - +0 chain mail
rPois   .            (no helmet)
rElec   .            k - +0 cloak
rCorr   .            g - +0 pair of gloves
SInv    +            (no boots)
Will    +....        (no amulet) Stlth
                     S - +6 ring of strength
HPRegen 0.31/turn    v - ring of see invisible
MPRegen 0.13/turn

%: no passive effects
@: heavily drained
A: runic magic, artefact enchanting
a: no special abilities


You were on level 8 of the Dungeon.
You visited 2 branches of the dungeon, and saw 9 of its levels.
You also visited: Sewer.

You collected 345 gold pieces.


Innate Abilities, Weirdness & Mutations

Your spellcasting is much less encumbered by armour.
You can use scrolls of enchantment on lesser artefacts.


   Skills:
 + Level 8.6 Fighting
 + Level 2.2(4.0) Axes
 - Level 5.2(5.5) Maces & Flails
 + Level 8.4 Armour
 - Level 1.3 Dodging
 - Level 1.4 Stealth
 - Level 5.0 Shields
 - Level 1.7 Spellcasting
 * Level 10.1 Necromancy


You had 7 spell levels left.
You knew the following spells:

 Your Spells              Type           Power      Damage    Failure   Level
a - Animate Dead          Necr           44%        N/A       4%          4
X - Necrotise             Necr           100%       1d9       1%          1

Your spell library contained the following spells:

 Spells                   Type           Power      Damage    Failure   Level
 Vampiric Draining        Necr           44%        2d9       1%          3
 Curse of Agony           Necr           44%        N/A       14%         5
 Foxfire                  Conj/Fire      4%         2x1d4     32%         1
 Anguish                  Hex/Necr       11%        N/A       38%         4
 Dazzling Flash           Conj/Hex       2%         N/A       69%         3
 Tukima's Dance           Hex            1%         N/A       69%         3
 Volatile Blastmotes      Fire/Tloc      2%         2d10      69%         3
 Cause Fear               Hex            0%         N/A       97%         4
 Passage of Golubria      Tloc           1%         N/A       97%         4
 Silence                  Hex/Air        0%         N/A       100%        5
 Yara's Violent Unravell  Hex/Alch       0%         3d3       100%        5
 Starburst                Conj/Fire      0%         6d3       100%        6
 Enfeeble                 Hex            0%         N/A       100%        7
 Discord                  Hex            0%         N/A       100%        8
 Maxwell's Capacitive Co  Air            0%         ∞         100%        8

Inventory:

Hand Weapons
 d - a +0 hand axe
 j - a +3 rapier
 o - a +2 dagger of protection
 y - a +1 short sword of venom
 K - a +3 mace of freezing
 N - the +2 great mace "Spiderslayer" {freeze, +Blink rPois Int-4 Stlth+}
   (You took it off a kobold brigand on level 7 of the Dungeon)

   Int-4:     It affects your intelligence (-4).
   rPois:     It protects you from poison.
   +Blink:    It lets you blink.
   Stlth+:    It makes you more stealthy.
 Q - the +9 glaive of Internal Strife {drain, rPois Int+7 Dex-3 Stlth-}
   (You found it on level 7 of the Dungeon)

   Int+7:     It affects your intelligence (+7).
   Dex-3:     It affects your dexterity (-3).
   rPois:     It protects you from poison.
   Stlth-:    It makes you less stealthy.
 R - a +1 war axe of freezing (weapon)
Armour
 f - a +0 buckler (worn)
 g - a +0 pair of gloves (worn)
 k - a +0 cloak (worn)
 p - a +0 chain mail (worn)
 z - a +0 plate armour
Magical Staves
 E - a staff of cold {!a}
Jewellery
 v - a ring of see invisible (right hand)
 P - a ring of poison resistance
 S - a +6 ring of strength (left hand)
Wands
 h - a wand of paralysis (5)
 G - a wand of mindburst (10)
 J - a wand of flame (34)
 T - a wand of warping (9)
Scrolls
 a - a scroll of blinking {unknown}
 c - 12 scrolls of identify {unknown}
 e - 4 scrolls of enchant weapon {unknown}
 l - a scroll of fear
 m - a scroll of noise {unknown}
 n - 5 scrolls of amnesia {unknown}
 q - 2 scrolls of poison {unknown}
 r - 2 scrolls of vulnerability
 A - a scroll of silence {unknown}
 D - a scroll of fog {unknown}
 F - 2 scrolls of teleportation {unknown}
 I - a scroll of immolation {unknown}
 M - a scroll of enchant armour {unknown}
Potions
 b - 4 potions of magic
 i - 2 potions of heal wounds {@q2}
 s - 2 potions of mutation {unknown}
 t - 2 potions of haste {unknown}
 u - 2 potions of resistance {unknown}
 w - 4 potions of brilliance {unknown}
 x - a potion of enlightenment
 B - 2 potions of attraction {unknown}
 C - 2 potions of curing {unknown}
 H - 3 potions of might
 L - a potion of invisibility {unknown}
Miscellaneous
 O - a condenser vane

Dungeon Overview and Level Annotations

Branches:
Dungeon (8/15)             Temple (1/1) D:6           Sewer (visited)
   Lair: D:8-11

Altars:
Ashenzari
Cheibriados
Dithmenos
Elyvilon
Fedhas
Gozag
Hepliaklqana
Nemelex Xobeh
Okawaru
Ru
Sif Muna
Trog
Uskayaw
Vehumet
Wu Jian
Xom
Yredelemnul
Zin
The Shining One

)...................###..## #.##
........##..........## ..#.. #.#.
.........###.........##......#...
............##...................
.............#...................
.##.......................###....
.# ##....................###.....
## #........................... #
...#....O@................
.#.......#...............
##.#...#####............ ####
##...##...... ##.###......
####....... ##....#. ##...##
#....#


You could see a two-headed ogre.


Message History

The puff of flame hits the two-headed ogre.
The two-headed ogre is lightly wounded.
Aiming: Throw Flame
Press: ? - help, Shift-Dir - straight line, f/p - two-headed ogre
Aim: a two-headed ogre, wielding a +1 dire flail of draining and a +0 giant club (lightly wounded, 85% to hit)
The puff of flame hits the two-headed ogre.
The two-headed ogre is lightly wounded.
Aiming: Mindburst
Press: ? - help, Shift-Dir - straight line, f/p - two-headed ogre
Aim: a two-headed ogre, wielding a +1 dire flail of draining and a +0 giant club (lightly wounded, chance to affect: 47%)
The two-headed ogre resists with some effort.
You block the two-headed ogre's attack.
The two-headed ogre hits you with a +0 giant club!!
You barely miss the two-headed ogre.
The two-headed ogre is lightly wounded.
The two-headed ogre hits you but does no damage.
You feel drained.
The two-headed ogre hits you with a +0 giant club!!
Unknown command.
You completely miss the two-headed ogre.
The two-headed ogre is lightly wounded.
The two-headed ogre hits you with a +1 dire flail of draining!!
* * * LOW HITPOINT WARNING * * *
You feel drained.
* * * LOW HITPOINT WARNING * * *
The two-headed ogre barely misses you.
You barely miss the two-headed ogre.
The two-headed ogre is lightly wounded.
The two-headed ogre hits you with a +1 dire flail of draining!
You die...

Skill      XL: |  1  2  3  4  5  6  7  8  9 10 |
---------------+-------------------------------+-----
Fighting       | 1 2 3 4 5 6 8 |  8.6
Shields        | 1 2 3 4 5 |  5.0
Armour         | 1 2 3 4 6 7 8 |  8.4
Necromancy     | 5 6 8 9 10 | 10.1
Maces & Flails | 1 5 |  5.2
Axes           | 2 |  2.2
Dodging        | |  1.3
Stealth        | |  1.4
Spellcasting   | |  1.7

Action                     |  1- 3 |  4- 6 |  7- 9 | 10-12 || total
---------------------------+-------+-------+-------+-------++-------
  Melee: Hand axe          |     4 |       |       |       ||     4
         Dagger            |    25 |    91 |       |       ||   116
         Short sword       |       |    21 |   228 |       ||   249
         Mace              |       |       |    85 |       ||    85
         War axe           |       |       |       |    69 ||    69
   Cast: Necrotise         |    48 |    97 |   148 |    47 ||   340
         Animate Dead      |       |       |     1 |     2 ||     3
  Evoke: Wand              |       |     4 |     9 |     7 ||    20
    Use: Scroll            |     1 |       |     2 |     2 ||     5
         Potion            |       |     5 |       |       ||     5
   Stab: Paralysed         |       |     6 |    21 |       ||    27
 Armour: Robe              |     3 |       |       |       ||     3
         Ring mail         |     5 |       |       |       ||     5
         Chain mail        |    32 |    54 |       |    96 ||   182
         Skin              |       |     1 |       |       ||     1
         Plate armour      |       |    36 |   382 |     2 ||   420
  Dodge: Dodged            |    21 |    36 |    79 |    30 ||   166
  Block: Buckler           |     9 |    15 |    89 |    15 ||   128

Levels and vault maps discovered:
D:1:      dreamdust_arrival_sigmund_warning, layout_loops_ring
D:2:      layout_loops_corners, minmay_tromino_v4_c
D:3:      layout_loops_ring, nicolae_ecumenical_lake_church,
          gup_sewer_entry_bubbles, due_unseen_surprise, uniq_robin, uniq_jessica
D:4:      layout_rooms, chequers_serial_rivers_room_a
D:5:      layout_loops_ring, nicolae_tso_besieged_by_evil, elyvilon_altar_3
D:6:      layout_rooms, mainiacjoe_overflow_24_doors,
          minmay_temple_entry_glassed_door, blue_anna_alchemist,
          chequers_serial_rivers_micro_d
D:7:      minmay_the_grid_octo_2x2 [minmay_the_grid_octo_checkerflower,
          minmay_the_grid_octo_empty, minmay_the_grid_octo_checkered,
          minmay_the_grid_octo_prize_square_snowflake], layout_basic,
          kennysheep_cluttered_room, nicolae_grassy_gnolls
D:8:      layout_cave_pools, special_room [special_room_orc],
          minmay_fire_ice_demons
Temple:   nicolae_temple_bog_church

Notes
Turn   | Place    | Note
-------+----------+-------------------------------------------
     0 | D:1      | cforsyth the Mountain Dwarf Necromancer began the quest for
                  | the Orb.
     0 | D:1      | Reached XP level 1. HP: 14/14 MP: 3/3
   483 | D:1      | You fall into a shaft and drop 1 floor!
   553 | D:2      | Reached skill level 1 in Fighting
   553 | D:2      | Reached XP level 2. HP: 23/23 MP: 0/4
   598 | D:2      | Noticed a bombardier beetle
   655 | D:1      | Reached skill level 1 in Shields
  1324 | D:2      | Reached XP level 3. HP: 28/28 MP: 2/5
  1851 | D:2      | Reached skill level 2 in Fighting
  1851 | D:2      | Reached skill level 2 in Shields
  1933 | D:3      | Noticed Jessica
  1945 | D:3      | Killed Jessica
  1946 | D:3      | Reached skill level 1 in Armour
  1946 | D:3      | Reached skill level 5 in Necromancy
  1946 | D:3      | Reached XP level 4. HP: 27/36 MP: 6/6
  2146 | D:3      | Found a glowing drain.
  2179 | D:3      | HP: 2/37 [river rat (3)]
  2312 | Sewer    | Entered a sewer
  2399 | Sewer    | Noticed a crocodile
  2410 | Sewer    | Killed a crocodile
  2411 | Sewer    | Reached skill level 2 in Armour
  2411 | Sewer    | Reached XP level 5. HP: 33/44 MP: 7/7
  2540 | D:3      | Noticed Robin
  2550 | D:3      | Reached skill level 3 in Shields
  2565 | D:2      | Killed Robin
  2566 | D:2      | Reached skill level 3 in Fighting
  2802 | D:3      | Found a faded altar of an unknown god.
  3585 | D:4      | Reached XP level 6. HP: 33/51 MP: 0/8
  4271 | D:5      | Entered Level 5 of the Dungeon
  4281 | D:5      | Reached skill level 3 in Armour
  4375 | D:5      | Noticed a water moccasin
  4381 | D:5      | Killed a water moccasin
  4382 | D:5      | Reached skill level 6 in Necromancy
  4469 | D:5      | Noticed an ice beast
  4495 | D:5      | Killed an ice beast
  4496 | D:5      | Reached skill level 4 in Fighting
  4496 | D:5      | Reached skill level 4 in Shields
  4496 | D:5      | Reached XP level 7. HP: 26/59 MP: 3/9
  4619 | D:5      | Identified the +7 long sword "Newtbane" {distort, rN+
                  | Str+3}
  4784 | D:5      | Found a glowing golden altar of the Shining One.
  5135 | D:5      | Reached skill level 4 in Armour
  5627 | D:5      | Found a white marble altar of Elyvilon.
  5919 | D:6      | Reached skill level 5 in Fighting
  5919 | D:6      | Reached skill level 5 in Shields
  5919 | D:6      | Reached XP level 8. HP: 68/68 MP: 6/10
  5989 | D:6      | Found a sacrificial altar of Ru.
  6082 | D:6      | Reached skill level 7 in Necromancy
  6269 | D:6      | Reached skill level 5 in Armour
  6621 | D:6      | Found a staircase to the Ecumenical Temple.
  6629 | Temple   | Entered the Ecumenical Temple
  6689 | Temple   | Learned a level 4 spell: Animate Dead
  6712 | D:6      | Reached skill level 6 in Fighting
  6941 | D:6      | Reached skill level 6 in Armour
  7214 | D:5      | Reached skill level 8 in Necromancy
  7550 | D:6      | Reached skill level 1 in Maces & Flails
  7550 | D:6      | Reached XP level 9. HP: 66/73 MP: 11/11
  7776 | D:7      | Reached skill level 2 in Maces & Flails
  7921 | D:7      | Reached skill level 7 in Fighting
  8563 | D:6      | Reached skill level 3 in Maces & Flails
  8709 | D:7      | Reached skill level 7 in Armour
  9116 | D:7      | Noticed a cyclops
  9125 | D:7      | Killed a cyclops
  9126 | D:7      | Reached skill level 4 in Maces & Flails
  9126 | D:7      | Reached skill level 9 in Necromancy
  9338 | D:7      | Reached skill level 8 in Fighting
  9596 | D:7      | Reached skill level 5 in Maces & Flails
  9596 | D:7      | Reached XP level 10. HP: 84/88 MP: 6/12
  9597 | D:7      | Identified the +2 great mace "Spiderslayer" {freeze, +Blink
                  | rPois Int-4 Stlth+}
  9671 | D:7      | Got the Parchment of the Incandescent Jinx
  9680 | D:7      | Identified the +9 glaive of Internal Strife {drain, rPois
                  | Int+7 Dex-3 Stlth-}
  9803 | D:7      | Reached skill level 8 in Armour
 10105 | D:7      | Noticed a cyclops
 10123 | D:7      | HP: 4/90 [cyclops (10)]
 10126 | D:7      | Killed a cyclops
 10127 | D:7      | Reached skill level 1 in Axes
 10685 | D:7      | Reached skill level 10 in Necromancy
 11022 | D:8      | Reached skill level 2 in Axes
 11131 | D:7      | Noticed a boulder beetle
 11145 | D:7      | HP: 4/74 [boulder beetle (9)]
 11577 | D:8      | Noticed a two-headed ogre
 11585 | D:8      | Slain by a two-headed ogre

Vanquished Creatures
  2 cyclopes (D:7)
  A wraith (D:6)
  2 wyverns (D:7)
  3 steam dragons (D:7)
  An orc warrior (D:6)
  3 water moccasins
  5 ice beasts
  A sky beast (D:6)
  2 black bears
  A crocodile (Sewer)
  3 centaurs (D:7)
  A phantom (D:6)
  3 kobold brigands
  A bullfrog (D:7)
  A gnoll sergeant (D:7)
  4 scorpions
  9 wights
  A killer bee (D:7)
  A howler monkey (D:6)
  3 bombardier beetles
  3 orc priests (D:7)
  A gnoll bouda (D:7)
  2 hounds
  4 jellies
  2 sleepcaps
  2 iguanas
  Robin (D:2)
  7 gnolls
  5 adders
  A river rat (D:3)
  2 shadow imps
  A white imp (D:8)
  2 ribbon worms (D:3)
  4 dart slugs
  12 orcs
  3 ball pythons
  5 endoplasms
  5 giant cockroaches
  17 goblins
  2 hobgoblins (D:2)
  10 jackals
  12 kobolds
  2 quokkas
  3 bats
  4 frilled lizards
  A goblin zombie (D:5)
  5 hobgoblin zombies (D:5)
  3 kobold zombies (D:5)
  2 orc skeletons (D:5)
  An orc zombie (D:5)
  3 rats
175 creatures vanquished.

Vanquished Creatures (collateral kills)
  A wyvern (D:7)
  An ogre (D:6)
  A kobold brigand (D:7)
  Jessica (D:3)
  A gnoll (D:7)
  An adder (D:2)
6 creatures vanquished.

Vanquished Creatures (others)
  A kobold zombie (D:7)
  2 orc zombies (D:6)
3 creatures vanquished.

Grand Total: 184 creatures vanquished

Table legend: (Time is in decaauts)
 A = Elapsed time spent in this place.
 B = Non-inter-level travel time spent in this place.
 C = Inter-level travel time spent in this place.
 D = Time resting spent in this place.
 E = Time spent auto-exploring this place.
 F = Levels seen in this place.
 G = Mean time per level.
                   A        B        C        D        E       F      G
               +--------+--------+--------+--------+--------+-----+--------+
         Total |  11727 |  11385 |    342 |   1482 |   7493 |  10 | 1172.7 |
       Dungeon |  11471 |  11137 |    334 |   1464 |   7373 |   8 | 1433.9 |
        Temple |     59 |     51 |      8 |     18 |      0 |   1 |   59.0 |
         Sewer |    196 |    196 |      0 |      0 |    120 |   1 |  196.0 |
               +--------+--------+--------+--------+--------+-----+--------+

Top non-repeatable levels by time:
     D:7: 2967 daAuts
     D:6: 1902 daAuts
     D:5: 1775 daAuts
     D:3: 1359 daAuts
     D:2: 1120 daAuts
     D:4: 888 daAuts
     D:1: 880 daAuts
     D:8: 576 daAuts
   Sewer: 196 daAuts
  Temple: 59 daAuts

Table legend:
 A = Non-vault XP
 B = Vault XP
 C = Vault XP percentage of total XP
 D = Non-vault monster count
 E = Vault monster count
 F = Vault count percentage of total count
                 A         B        C        D         E       F
            +---------+---------+-------+---------+---------+-------
      Total |    4694 |    2868 |  37.9 |     118 |      63 |  34.8
            +---------+---------+-------+---------+---------+-------
        D:1 |      14 |       0 |   0.0 |       7 |       0 |   0.0
        D:2 |      75 |      17 |  18.5 |      21 |       3 |  12.5
        D:3 |      20 |      84 |  80.8 |       5 |      17 |  77.3
        D:4 |     195 |       0 |   0.0 |      18 |       0 |   0.0
        D:5 |     879 |      23 |   2.5 |      16 |      13 |  44.8
        D:6 |    1302 |     268 |  17.1 |      19 |       2 |   9.5
        D:7 |    1779 |    2339 |  56.8 |      22 |      21 |  48.8
        D:8 |     427 |      11 |   2.5 |       9 |       1 |  10.0
     Temple |       3 |       0 |   0.0 |       1 |       0 |   0.0
      Sewer |       0 |     126 | 100.0 |       0 |       6 | 100.0
            +---------+---------+-------+---------+---------+-------
